 Dungeon Crawl Stone Soup version 0.18-a0-425-ge088ad1 (webtiles) character file.

135 Korkiloff the Shooter (level 4, -1/35 HPs)
             Began as a Centaur Arcane Marksman on Nov 30, 2015.
             Was a Follower of Qazlal.
             Slain by an orc wizard
             ... wielding a +0 dagger
              (4 damage)
             ... on level 3 of the Dungeon.
             The game lasted 00:16:03 (2352 turns).

Korkiloff the Shooter (Centaur Arcane Marksman)     Turns: 2352, Time: 00:16:03

Health: -1/35      AC:  9    Str: 15    XL:     4   Next: 97%
Magic:  6/6        EV: 10    Int: 17    God:    Qazlal [*.....]
Gold:   110        SH:  1    Dex:  8    Spells: 1 memorised, 4 levels left

rFire  + . .     SeeInvis .     y - +1 mace (protect)
rCold  + . .     Clarity  .     b - +0 robe
rNeg   . . .     SustAt   .     (no shield)
rPois  +         Gourm    .     (no helmet)
rElec  +         Spirit   .     (no cloak)
rCorr  +         Dsmss    .     (no gloves)
rMut   .         Stasis   .     (no barding)
MR     .....                    (no amulet)
Stlth  +.........               (no ring)
                                (no ring)

@: brilliant, resistant, flying, very quick, not resistant to hostile
enchantments, very unstealthy
A: hooves 3, deformed body, speed 2, tough skin 3
a: Renounce Religion


You were on level 3 of the Dungeon.
You worshipped Qazlal.
Qazlal was aware of your devotion.
You were not hungry.

You visited 1 branch of the dungeon, and saw 3 of its levels.

You collected 110 gold pieces.

Inventory:

Hand Weapons
 a - a +0 shortbow
 f - a +0 mace
 y - a +1 mace of protection (weapon)
 I - a cursed -1 dagger
Missiles
 d - 48 arrows
 w - 28 bolts
 C - 8 poisoned arrows
Armour
 b - a +0 robe (worn)
 g - a +0 ring mail
 p - a +0 robe
 r - a +0 robe
 t - a +1 buckler of protection
 u - a +0 helmet
 B - a +0 scale mail
 E - a +0 scale mail
 N - a +0 robe
 O - a +0 robe
 S - a +0 leather armour
 T - a +0 leather armour
 V - a +0 robe
 X - a +0 leather armour
 Z - a +0 cloak
Wands
 P - a wand of disintegration (11)
 Y - a wand of polymorph (6)
Scrolls
 h - a scroll of random uselessness {unknown}
 i - a scroll of enchant armour {unknown}
 j - 2 scrolls of blinking {unknown}
 k - 3 scrolls of teleportation {unknown}
 o - 2 scrolls of identify {unknown}
 s - 3 scrolls of magic mapping {unknown}
 v - 2 scrolls of enchant weapon {unknown}
 G - a scroll of fear {unknown}
 H - a scroll of remove curse {unknown}
 W - a scroll of amnesia {unknown}
Potions
 l - a potion of resistance
 q - a potion of flight
 x - a potion of ambrosia {unknown}
 z - a potion of haste {unknown}
 D - a potion of curing {unknown}
 F - a potion of magic {unknown}
 J - a potion of poison {unknown}
 K - a potion of invisibility {unknown}
 M - a potion of mutation {unknown}
 Q - a potion of agility {unknown}
 U - a potion of degeneration {unknown}
Books
 c - a book of Debilitation

   Spells                             Type                      Level
   a - Corona                         Hexes                        1
   b - Slow                           Hexes                        2
   c - Gell's Gravitas                Hexes/Translocation          3
   d - Inner Flame                    Hexes/Fire                   3
   e - Cause Fear                     Hexes                        4
   f - Leda's Liquefaction            Hexes/Earth                  4
Comestibles
 e - 5 bread rations
 m - 4 fruits
 A - 2 meat rations
 L - 2 slices of pizza


   Skills:
 + Level 1.2 Fighting
 + Level 1.3 Maces & Flails
 + Level 4.2 Bows
 + Level 2.1 Dodging
 + Level 0.3 Stealth
 + Level 1.4 Spellcasting
 + Level 3.1 Hexes


You had 4 spell levels left.
You knew the following spells:

 Your Spells              Type           Power        Failure   Level  Hunger
a - Corona                Hex            ###....      1%          1    ##.....


Dungeon Overview and Level Annotations

Branches:
Dungeon (3/15)

Altars:
Qazlal


Innate Abilities, Weirdness & Mutations

You have hooves in place of feet.
Armour fits poorly on your strangely shaped body.
You cover ground very quickly.
You have extremely tough skin (AC +3).


Message History

You feel very buoyant.
You fly up into the air.
You feel less confused. Something hits you.
* * * LOW HITPOINT WARNING * * *
You miss something. Something hits you but does no damage.
Drink which item? (? for menu, Esc to quit)
It was a potion of brilliance.
You feel clever all of a sudden. You block its attack.
You barely miss something. You kick something. Something hits you.
* * * LOW HITPOINT WARNING * * *
Something hits you but does no damage.
You closely miss something. Your kick misses something.
Something hits you but does no damage.
You miss something. You kick something. Something hits you.
* * * LOW HITPOINT WARNING * * *
You hit something. Your kick misses something.
Something hits you but does no damage. Something hits you.
You die...

.#
#.###.#.......#....#..
.# #.#
#.#.......#...##.. ##
#.###.#.......#.......
#.....#..._...#..###..
####..#.......#..# #..
#..#.......#..# ###
#..#.......#..#
#.{####.####..#####
######
##@))(...)..)).....
.....#
######.##.........
####.# #.##..#.####) #
#.# #.#..o...##..
####.### #.#...#..##..
.......# #.#..........
###..#.# #........o#..
.....#.# .............
.......# #####........


There were no monsters in sight!

Vanquished Creatures
  A jelly (D:3)
  An orc wizard (D:3)
  An adder (D:1)
  An ooze (D:3)
  A giant gecko (D:3)
  11 orcs (D:3)
  10 bats
  3 goblins
  5 hobgoblins
  A quokka (D:2)
  A giant cockroach (D:3)
  A giant newt (D:2)
  7 jackals
  2 kobolds
  8 rats
54 creatures vanquished.

Notes
Turn   | Place    | Note
--------------------------------------------------------------
     0 | D:1      | Korkiloff the Centaur Arcane Marksman began the quest for the Orb.
     0 | D:1      | Reached XP level 1. HP: 16/16 MP: 2/2
   167 | D:1      | Reached XP level 2. HP: 8/23 MP: 1/3
   543 | D:1      | Reached skill level 3 in Bows
   972 | D:2      | Reached XP level 3. HP: 17/28 MP: 4/4
  1745 | D:3      | Found a stormy altar of Qazlal.
  1757 | D:3      | Became a worshipper of Qazlal Stormbringer
  1844 | D:3      | Reached XP level 4. HP: 18/35 MP: 6/6
  1944 | D:3      | Reached skill level 1 in Maces & Flails
  1944 | D:3      | Reached skill level 4 in Bows
  2322 | D:3      | Reached * piety under Qazlal
  2352 | D:3      | Slain by an orc wizard

Vault maps used:
D:1:      dpeg_arrival_round_b, minmay_misc_feat_more_columns,
          hangedman_decor_peaks_small
D:2:      first_bread
D:3:      minmay_misc_feat_plants, lemuel_tele_altar

Action                   |  1- 3 |  4- 6 || total
-------------------------+-------+-------++-------
Melee: Mace              |    57 |    52 ||   109
 Fire: Shortbow          |    62 |     5 ||    67
 Cast: Corona            |    11 |       ||    11
  Use: Potion            |       |     3 ||     3
  Eat: Chunk             |     2 |     1 ||     3
